 Dungeon Crawl Stone Soup version 0.18.1-48-g4cf74bf (webtiles) character file.

113 WarriorsX the Skirmisher (level 5, -1/42 HPs)
             Began as a Human Fighter on July 30, 2016.
             Slain by a gnoll (5 damage)
             ... on level 3 of the Dungeon.
             The game lasted 00:04:54 (2015 turns).

WarriorsX the Skirmisher (Human Fighter)            Turns: 2015, Time: 00:04:56

Health: -1/42      AC: 12    Str: 17    XL:     5   Next: 17%
Magic:  5/5        EV:  2    Int:  9    God:
Gold:   94         SH:  9    Dex: 12    Spells: 0 memorised, 4 levels left

rFire  . . .     SeeInvis .     a - +0 long sword
rCold  . . .     Gourm    .     r - +0 plate armour
rNeg   . . .     Faith    .     c - +0 shield
rPois  .         Spirit   .     i - +0 helmet
rElec  .         Dismiss  .     (no cloak)
rCorr  .         Reflect  .     (no gloves)
SustAt .         Harm     .     (no boots)
MR     .....                    (no amulet)
Stlth  ..........               (no ring)
                                (no ring)

@: not resistant to hostile enchantments, extremely unstealthy
A: no striking features
a: no special abilities


You were on level 3 of the Dungeon.
You were very hungry.

You visited 1 branch of the dungeon, and saw 3 of its levels.

You collected 94 gold pieces.

Inventory:

Hand Weapons
 a - a +0 long sword (weapon)
Armour
 c - a +0 shield (worn)
 i - a +0 helmet (worn)
 r - a +0 plate armour (worn)
Scrolls
 e - a scroll of enchant armour {unknown}
 h - a scroll of identify {unknown}
 j - a scroll of noise {unknown}
 l - a scroll of fog {unknown}
 n - a scroll of recharging {unknown}
 o - a scroll of remove curse {unknown}
Potions
 d - 2 potions of might
 k - a potion of agility {unknown}
 m - 2 potions of heal wounds {unknown}
 p - a potion of lignification {unknown}
Comestibles
 b - a chunk of flesh
 f - 3 bread rations
 g - a beef jerky
 q - a meat ration


   Skills:
 + Level 4.2 Fighting
 + Level 3.5 Long Blades
 - Level 3.3 Armour
 - Level 3.1 Shields


You had 4 spell levels left.
You didn't know any spells.

Dungeon Overview and Level Annotations

Branches:
Dungeon (3/15)

Altars:

Annotations:
D:3 Jessica; WarriorsX's ghost, amateur HuFi


Message History

There is an open door here.
The teleport trap disappears.
WarriorsX's ghost disappears!
Your shield and plate armour prevent you from hitting the gnoll.
The gnoll completely misses you.
Your shield and plate armour prevent you from hitting the gnoll.
The gnoll hits you.
* * * LOW HITPOINT WARNING * * *
You are too injured to fight recklessly!
You are too injured to fight recklessly!
You hit the gnoll.
The gnoll is moderately wounded.
You block the gnoll's attack. The gnoll hits you.
* * * LOW HITPOINT WARNING * * *
You slash the gnoll!
The gnoll is almost dead.
You block the gnoll's attack.
Your plate armour prevents you from hitting the gnoll.
The gnoll is almost dead.
The gnoll hits you.
You die...

#<# ##.
#############.# #...
#.............# ...
#.############# #..
## #.# #..##. ##.#
#.# .###.....
##.####.#
.#.....####....##.#
.......'..>....g@.#
.......##.#....####
...............#
##......###....#####
.%...$.†.........(.#
#####...####..####.#
.....#.#. #..#
###.##..#. #..#
....##.###.#..####.#


You could see a gnoll.

Vanquished Creatures
  A gnoll (D:3)
  4 adders (D:2)
  An ooze (D:2)
  A worm (D:2)
  2 dart slugs
  2 giant geckos (D:1)
  2 giant cockroaches (D:2)
  8 goblins
  7 hobgoblins
  9 jackals
  A quokka (D:2)
  A bat (D:2)
  4 giant newts
  5 kobolds
  5 rats
53 creatures vanquished.

Notes
Turn   | Place    | Note
--------------------------------------------------------------
     0 | D:1      | WarriorsX the Human Fighter began the quest for the Orb.
     0 | D:1      | Reached XP level 1. HP: 18/18 MP: 1/1
    38 | D:1      | Reached XP level 2. HP: 17/24 MP: 2/2
   342 | D:1      | Reached XP level 3. HP: 15/29 MP: 3/3
   956 | D:2      | Reached XP level 4. HP: 35/37 MP: 4/4
  1143 | D:2      | Reached skill level 4 in Fighting
  1824 | D:3      | Noticed WarriorsX's ghost (amateur HuFi)
  1827 | D:3      | Reached XP level 5. HP: 41/42 MP: 5/5
  1847 | D:3      | Noticed Jessica
  2015 | D:3      | Slain by a gnoll

Skill      XL: |  1  2  3  4 |
---------------+-------------+-----
Long Blades    | 3 |  3.5
Fighting       | 4 |  4.2
Armour         | |  3.3
Shields        | |  3.1

Action                   |  1- 3 |  4- 6 || total
-------------------------+-------+-------++-------
Melee: Long sword        |   118 |   118 ||   236
  Eat: Chunk             |       |     3 ||     3
Armor: Scale mail        |    45 |    22 ||    67
       Plate armour      |       |    56 ||    56
Dodge: Dodged            |    31 |    19 ||    50
Block: Shield            |    49 |    65 ||   114
